AoeStats
← Spaceman Spiff

Arabia

510103405Analyzed
2v2 RM · 2d ago on Sep 29, 2026· 23m 48s· 4 players
Game mode
Random Map
Map size
Medium (4 player)
Population
200
Speed
Normal
Resources
Standard
Victory
Conquest
Starting age
Dark Age
Ending age
Imperial Age
RankedLock teamsTeams togetherTeam positionsShared explorationLock speedFull tech treeHidden civsTurbo modeCheats
Victory
Defeat
🇭🇰 Persians · Hong Kong SAR China
1017
+16
🇭🇰 Saxons · Hong Kong SAR China
969
+18
🇺🇸 Saracens · United States
1049
-18
🇪🇸 Teutons · Spain
998
-16
dickenw
6:18 Loom
9:27 Feudal Age
19:39 Castle Age
18:09 Double-Bit Axe
18:05 Horse Collar
20:11 Scale Barding Armor
21:28 Husbandry
21:50 Forging
Lizeronx
10:35 Feudal Age
10:48 Man-at-Arms
21:51 Castle Age
20:11 Horse Collar
20:44 Double-Bit Axe
21:25 Scale Mail Armor
21:42 Fletching
22:23 Gambesons
Spaceman Spiff
2:17 Loom
10:47 Feudal Age
21:30 Castle Age
20:30 Bloodlines
20:26 Double-Bit Axe
21:11 Horse Collar
23:00 Scale Barding Armor
paingemBN
11:54 Feudal Age
10:11 Loom
16:42 Man-at-Arms
Connection lost

Rejoining the realm…

Still unreachable

The connection could not be restored.

Session expired

The server has moved on; the page needs a fresh start.